cohdb
Replays
Latest Replays
All Replays
Popular Replays
Top Player Replays
Match Explorer
How It Works
Community
CoH3 Stats
Reddit
Sign in to upload your games and track your stats! →
Sign in with Steam
Match 43672799
Unlisted
Match 43672799
Overview
Messages
Build Orders
End
Kradschützen Motorcycle Team
Selects Italian Infantry
Panzerpioneer Squad
250 Light Carrier
250 Light Carrier
Panzerpioneer Squad
Construct Light Support Kompanie
Kradschützen Motorcycle Team
Combat Half-tracks
Assault Mechanized Group
Construct Mechanized Kompanie
Fire Support Elements
Panzerjäger Squad
Pak 38 Anti-tank Gun Team
Assault Grenadier Squad
2.5-tonne Medical Truck
Selects Defensive Operations
Selects Territory Booby Traps
Selects Guastatori Squad
AI Takeover
Courtuneitor
The Dany
Warlock
E-zy
Bruistablet
Professor gibberish
0
0
Comments
sign in to comment!
No comments posted yet!